 Dungeon Crawl Stone Soup version 0.27.1-2-g3b301248ec (webtiles) character file.

Game seed: 16073231436469135277

1288 MisterFreud the Shield-Bearer (level 8, -6/67 HPs)
             Began as a Gnoll Fighter on Sept 26, 2021.
             Was a Believer of Qazlal.
             Mangled by an ogre (23 damage)
             ... on level 7 of the Dungeon.
             The game lasted 00:07:32 (6523 turns).

MisterFreud the Shield-Bearer (Gnoll Fighter)       Turns: 6523, Time: 00:07:32

Health: -6/67      AC: 12    Str: 15    XL:     8   Next: 55%
Magic:  13/13      EV:  9    Int: 10    God:    Qazlal [**....]
Gold:   191        SH: 14    Dex: 12    Spells: 13/13 levels left

rFire    . . .     SeeInvis .   a - +0 rapier
rCold    . . .     Faith    .   c - +0 kite shield
rNeg     . . .     Spirit   .   b - +0 scale mail
rPois    .         Reflect  .   t - +0 helmet
rElec    .         Harm     .   j - +0 cloak
rCorr    .         Rampage  .   (no gloves)
Will     .....                  u - +0 pair of boots
Stlth    +.........             (no amulet)
HPRegen  0.21/turn              (no ring)
MPRegen  0.13/turn              (no ring)

@: no status effects
A: fangs 1, strong nose, distributed training
a: Renounce Religion, Upheaval


You were on level 7 of the Dungeon.
You worshipped Qazlal.
Qazlal was pleased with you.
You visited 1 branch of the dungeon, and saw 7 of its levels.

You collected 273 gold pieces.
You spent 82 gold pieces at shops.

Inventory:

Hand Weapons
 a - a +0 rapier (weapon)
 m - a +3 hand axe
 o - a +2 hand axe of draining
Missiles
 n - 4 javelins (quivered)
 B - 5 boomerangs
Armour
 b - a +0 scale mail (worn)
 c - a +0 kite shield (worn)
 j - a +0 cloak (worn)
 t - a +0 helmet (worn)
 u - a +0 pair of boots (worn)
Jewellery
 k - a ring of poison resistance
Wands
 g - a wand of paralysis (13)
 x - a wand of iceblast (9)
Scrolls
 e - 3 scrolls of teleportation
 f - 6 scrolls of identify
 i - 3 scrolls of amnesia {unknown}
 l - 2 scrolls of blinking {unknown}
 s - 2 scrolls of silence {unknown}
 v - 2 scrolls of enchant weapon {unknown}
 y - 2 scrolls of vulnerability {unknown}
 A - a scroll of summoning {unknown}
 C - a scroll of immolation {unknown}
Potions
 d - 5 potions of might
 h - 3 potions of degeneration {unknown}
 p - 3 potions of curing {unknown}
 q - a potion of brilliance {unknown}
 r - 2 potions of attraction {unknown}
 w - a potion of mutation {unknown}
 z - 4 potions of flight {unknown}
 D - a potion of berserk rage {unknown}


   Skills:
 + Level 7.4 Fighting
 + Level 5.7 Short Blades
 + Level 3.3 Long Blades
 + Level 3.3 Axes
 + Level 3.3 Maces & Flails
 + Level 3.3 Polearms
 + Level 3.3 Staves
 + Level 3.3 Slings
 + Level 3.3 Bows
 + Level 3.3 Crossbows
 + Level 3.3 Throwing
 + Level 7.4 Armour
 + Level 3.3 Dodging
 + Level 3.3 Stealth
 + Level 7.4 Shields
 + Level 3.3 Unarmed Combat
 + Level 3.3 Spellcasting
 + Level 2.7 Conjurations
 + Level 2.7 Hexes
 + Level 2.7 Summonings
 + Level 2.7 Necromancy
 + Level 2.7 Translocations
 + Level 2.7 Transmutations
 + Level 2.7 Fire Magic
 + Level 2.7 Ice Magic
 + Level 2.7 Air Magic
 + Level 2.7 Earth Magic
 + Level 2.7 Poison Magic
 + Level 3.7 Invocations
 + Level 3.3 Evocations


You had 13 spell levels left.
You didn't know any spells.
Your spell library contained the following spells:

 Spells                   Type           Power      Damage    Failure   Level
 Passwall                 Tmut/Erth      5%         N/A       75%         2
 Swiftness                Air            7%         N/A       92%         3
 Animate Armour           Summ/Erth      14%        N/A       100%        4
 Blade Hands              Tmut           3%         N/A       100%        5
 Invisibility             Hex            3%         N/A       100%        6
 Iron Shot                Conj/Erth      3%         9d2       100%        6


Dungeon Overview and Level Annotations

Branches:
Dungeon (7/15)             Temple (0/1) D:5

Altars:
Qazlal

Shops:
D:4 [[:?*

Portals:
Abyss: D:5

Annotations:
D:5 2 transporters, YannSP's ghost, novice OpCj


Innate Abilities, Weirdness & Mutations

You have very sharp teeth.
Your uncanny sense of smell can sniff out nearby items.
Your experience applies equally to all skills.


Message History

You block the bullfrog's attack.
You puncture the bullfrog!
You kill the bullfrog!
Qazlal accepts your kill.
You puncture the ogre!
The ogre is moderately wounded.
The ogre closely misses you.
You completely miss the ogre.
The ogre is moderately wounded.
You block the ogre's attack.
You barely miss the ogre.
The ogre is moderately wounded.
You block the ogre's attack.
You puncture the ogre!
The ogre is severely wounded.
You hit the ogre.
The ogre is severely wounded.
The ogre hits you with a +0 giant club!
You hit the ogre but do no damage.
The ogre is severely wounded.
The ogre hits you with a +0 giant club!
You hit the ogre.
The ogre is almost dead.
The ogre hits you with a +0 giant club!
You hit the ogre but do no damage.
The ogre is almost dead.
The ogre hits you with a +0 giant club!
* * * LOW HITPOINT WARNING * * *
You hit the ogre but do no damage.
The ogre is almost dead.
You barely miss the ogre. You bite the ogre.
The ogre is almost dead.
The ogre hits you but does no damage.
You hit the ogre.
The ogre is almost dead.
The ogre closely misses you.
Your scale mail prevents you from hitting the ogre.
The ogre is almost dead.
The ogre hits you with a +0 giant club!!
You die...

#########.#8###8##...#
#.########...##
#.......#8...8#
#######.##...##
#.##...# #.##...##
#.#8...8# #.##...##
#.@O...# ########


You could see an ogre.

Vanquished Creatures
  Sigmund (D:5)
  An orc warrior (D:6)
  An ogre (D:4)
  A phantom (D:5)
  2 bullfrogs
  A scorpion (D:6)
  3 jellies
  6 orc priests
  2 bullfrog skeletons (D:5)
  A centaur skeleton (D:7)
  3 iguanas
  3 orc wizards
  A hound skeleton (D:4)
  8 adders
  An ufetubus (D:6)
  3 dart slugs
  17 orcs
  2 ball pythons (D:2)
  12 endoplasms
  2 giant cockroaches
  2 goblins
  4 hobgoblins
  4 jackals (D:1)
  5 quokkas
  2 bats
  4 frilled lizards (D:1)
  7 kobolds
  4 rats
103 creatures vanquished.

Vanquished Creatures (others)
  2 plants (D:2)
2 creatures vanquished.

Grand Total: 105 creatures vanquished

Notes
Turn   | Place    | Note
-------+----------+-------------------------------------------
     0 | D:1      | MisterFreud the Gnoll Fighter began the quest for the Orb.
     0 | D:1      | Reached XP level 1. HP: 23/23 MP: 1/1
    83 | D:1      | Reached XP level 2. HP: 18/29 MP: 2/2
   663 | D:1      | Found a faded altar of an unknown god.
   847 | D:1      | Became a worshipper of Qazlal Stormbringer
   847 | D:1      | Reached * piety under Qazlal
   928 | D:1      | Reached XP level 3. HP: 34/35 MP: 3/3
  1291 | D:2      | Reached skill level 1 in Invocations
  1633 | D:2      | Reached skill level 1 in Long Blades
  1633 | D:2      | Reached skill level 1 in Axes
  1633 | D:2      | Reached skill level 1 in Maces & Flails
  1633 | D:2      | Reached skill level 1 in Polearms
  1633 | D:2      | Reached skill level 1 in Staves
  1633 | D:2      | Reached skill level 1 in Slings
  1633 | D:2      | Reached skill level 1 in Bows
  1633 | D:2      | Reached skill level 1 in Crossbows
  1633 | D:2      | Reached skill level 1 in Throwing
  1633 | D:2      | Reached skill level 1 in Dodging
  1633 | D:2      | Reached skill level 1 in Stealth
  1633 | D:2      | Reached skill level 1 in Unarmed Combat
  1633 | D:2      | Reached skill level 1 in Spellcasting
  1633 | D:2      | Reached skill level 1 in Evocations
  2275 | D:2      | Reached XP level 4. HP: 41/41 MP: 5/5
  2343 | D:3      | Reached skill level 1 in Conjurations
  2343 | D:3      | Reached skill level 1 in Hexes
  2343 | D:3      | Reached skill level 1 in Summonings
  2343 | D:3      | Reached skill level 1 in Necromancy
  2343 | D:3      | Reached skill level 1 in Translocations
  2343 | D:3      | Reached skill level 1 in Transmutations
  2343 | D:3      | Reached skill level 1 in Fire Magic
  2343 | D:3      | Reached skill level 1 in Ice Magic
  2343 | D:3      | Reached skill level 1 in Air Magic
  2343 | D:3      | Reached skill level 1 in Earth Magic
  2343 | D:3      | Reached skill level 1 in Poison Magic
  2579 | D:3      | Reached XP level 5. HP: 37/47 MP: 6/6
  2703 | D:3      | Reached ** piety under Qazlal
  3310 | D:4      | Found Ytuekkem's Assorted Antiques.
  3329 | D:4      | Bought a scroll labelled IVAAT RUGOLIED for 27 gold pieces
  3469 | D:4      | Found Purutidgh's Magic Scroll Emporium.
  3470 | D:4      | Noticed an ogre
  3493 | D:4      | Killed an ogre
  3494 | D:4      | Reached skill level 5 in Short Blades
  3494 | D:4      | Reached XP level 6. HP: 8/53 MP: 3/8
  3772 | D:4      | Bought a scroll of teleportation for 33 gold pieces
  3772 | D:4      | Bought a scroll of identify for 22 gold pieces
  3822 | D:4      | Found Yxileug's Book Boutique.
  3903 | D:4      | Found Qifoduq's Armour Shoppe.
  4051 | D:4      | Found Itaaqes's Antique Armour Boutique.
  4297 | D:5      | Entered Level 5 of the Dungeon
  4302 | D:5      | Found a staircase to the Ecumenical Temple.
  4324 | D:5      | Reached XP level 7. HP: 46/59 MP: 10/10
  4402 | D:5      | Found a transporter.
  4464 | D:5      | Found a one-way gate to the infinite horrors of the Abyss.
  4464 | D:5      | Noticed YannSP's ghost (novice OpCj)
  4481 | D:5      | Noticed Sigmund
  4498 | D:5      | Killed Sigmund
  4998 | D:5      | Found a transporter.
  5396 | D:5      | Reached XP level 8. HP: 56/67 MP: 12/12
  6523 | D:7      | Mangled by an ogre

Illustrated notes

Levels and vault maps discovered:
D:1:      psy_arrival_statuary, layout_loops_ring,
          hellmonk_ecumenical_altar_inner_sanctum
D:2:      layout_basic, chequers_serial_rivers_micro_c, chequers_big_river
D:3:      layout_rooms, hangedman_decor_growths
D:4:      layout_loops_ring, serial_shops, shop_scrolls, shop,
          kennysheep_little_box, shop, nicolae_square_shop,
          minmay_misc_feat_doors
D:5:      layout_rooms, minmay_temple_entry_tees,
          gammafunk_ghost_abyssal_escape, grunt_ministairs_8, minivault_11,
          dk_noncrumbling_2, uniq_sigmund
D:6:      layout_cave_pools, lightli_minifort
D:7:      layout_rooms, amcnicky_altar_gilded, serial_corexii_hall,
          corexii_hall_statues_x, corexii_hall_statues_u

Skill      XL: |  1  2  3  4  5  6  7  8 |
---------------+-------------------------+-----
Invocations    | 1 2 3 |  3.7
Long Blades    | 1 2 3 |  3.3
Axes           | 1 2 3 |  3.3
Maces & Flails | 1 2 3 |  3.3
Polearms       | 1 2 3 |  3.3
Staves         | 1 2 3 |  3.3
Slings         | 1 2 3 |  3.3
Bows           | 1 2 3 |  3.3
Crossbows      | 1 2 3 |  3.3
Throwing       | 1 2 3 |  3.3
Dodging        | 1 2 3 |  3.3
Stealth        | 1 2 3 |  3.3
Unarmed Combat | 1 2 3 |  3.3
Spellcasting   | 1 2 3 |  3.3
Evocations     | 1 2 3 |  3.3
Conjurations   | 1 2 |  2.7
Hexes          | 1 2 |  2.7
Summonings     | 1 2 |  2.7
Necromancy     | 1 2 |  2.7
Translocations | 1 2 |  2.7
Transmutations | 1 2 |  2.7
Fire Magic     | 1 2 |  2.7
Ice Magic      | 1 2 |  2.7
Air Magic      | 1 2 |  2.7
Earth Magic    | 1 2 |  2.7
Poison Magic   | 1 2 |  2.7
Short Blades   | 5 |  5.7
Fighting       | 7 |  7.4
Armour         | 7 |  7.4
Shields        | 7 |  7.4

Action                   |  1- 3 |  4- 6 |  7- 9 || total
-------------------------+-------+-------+-------++-------
Melee: Rapier            |    91 |   154 |   152 ||   397
       Bite              |     2 |    18 |    20 ||    40
Invok: Upheaval          |       |     1 |       ||     1
Evoke: Wand              |       |       |     1 ||     1
Armor: Scale mail        |    32 |    37 |    49 ||   118
Dodge: Dodged            |    16 |    46 |    30 ||    92
Block: Kite shield       |    37 |    77 |    90 ||   204
